 Dungeon Crawl Stone Soup version 0.32-a0-876-gcfddb08e57 (webtiles) character file.

Game seed: 18262047621467024723

21079 testman the Fighter (level 12, -13/105 HPs)
             Began as a Coglin Berserker on Apr 1, 2024.
             Was the Champion of Trog.
             Mangled by a titanic slime creature (70 damage)
             ... on level 13 of the Dungeon.
             The game lasted 00:51:09 (11741 turns).

testman the Fighter (Coglin Berserker)             Turns: 11741, Time: 00:51:09

Health: -13/105    AC: 14    Str: 20    XL:     12   Next: 86%
Magic:  12/12      EV: 13    Int:  8    God:    Trog [******]
Gold:   541        SH:  0    Dex: 15    Spells: 11/11 levels left

rFire   + . .        C - +10 zealot's sword {holy, Zealotry, *Rage rN+ EV+3}
rCold   . . .        k - +1 short sword (speed) {Santiago}
rNeg    + . .        E - +2 chain mail {rF+}
rPois   .            R - +0 helmet
rElec   .            a - +0 cloak
rCorr   .            z - +0 pair of gloves
SInv    .            (no boots)
Will    .....        (amulet unavailable) Stlth
                     (ring unavailable)
HPRegen 0.37/turn    (ring unavailable)
MPRegen 0.13/turn    (no gizmo)

%: random rage (20%)
@: on berserk cooldown, revved
A: off-hand wielding, slow wielding, warmup strikes, no jewellery
a: Invent Gizmo, Renounce Religion, Berserk, Trog's Hand, Brothers in Arms


You were on level 13 of the Dungeon.
You worshipped Trog.
Trog was exalted by your worship.
You visited 2 branches of the dungeon, and saw 14 of its levels.
You also visited: Sewer.

You collected 681 gold pieces.
You spent 140 gold pieces at shops.

Inventory:

Hand Weapons
 b - a +2 rapier of flaming
 k - a +1 short sword of speed (offhand) {Santiago}
 o - a +3 dagger of draining {Isabel}
 s - a +2 dagger of flaming
 C - the +10 zealot's sword (weapon) {holy, Zealotry, *Rage rN+ EV+3}
   (You found it on level 4 of the Dungeon)

   Zealotry:  Whenever the wielder enters a berserk rage, their allies are
   berserked alongside them.
   EV+3:      It affects your evasion (+3).
   rN+:       It protects you from negative energy.
   *Rage:     It berserks you when you make melee attacks (+20% chance).
Missiles
 e - 24 poisoned darts (quivered)
 i - 22 curare-tipped darts
 l - 3 boomerangs
Armour
 a - a +0 cloak (worn)
 q - +0 acid dragon scales
 z - a +0 pair of gloves (worn)
 E - a +2 chain mail of fire resistance (worn)
 O - a +2 robe of cold resistance
 R - a +0 helmet (worn)
Wands
 c - a wand of quicksilver (5)
 j - a wand of flame (69)
 F - a wand of mindburst (19)
 K - a wand of charming (8)
 M - a wand of warping (20)
Scrolls
 h - 6 scrolls of teleportation
 p - a scroll of vulnerability
 t - a scroll of enchant armour
 u - a scroll of poison
 w - 4 scrolls of fear
 y - a scroll of immolation
 A - a scroll of enchant weapon
 D - 2 scrolls of fog
 G - 2 scrolls of revelation
 I - 2 scrolls of blinking
 J - a scroll of amnesia
 N - 3 scrolls of identify
 Q - a scroll of brand weapon {unknown}
Potions
 d - 2 potions of might
 f - 5 potions of enlightenment
 g - 5 potions of attraction
 m - 3 potions of mutation
 r - 5 potions of brilliance
 v - 6 potions of resistance
 x - 2 potions of invisibility
 B - 5 potions of curing
 H - 3 potions of haste
 L - a potion of heal wounds
 P - a potion of magic {unknown}


   Skills:
 + Level 13.6 Fighting
 + Level 13.5 Long Blades
 - Level 3.0 Armour
 + Level 8.9 Dodging


You had 11 spell levels left.
You didn't know any spells.
Your spell library contained the following spells:

 Spells                   Type           Power      Damage    Failure   Level
 Freeze                   Ice            0%         1d3       98%         1
 Sandblast                Erth           0%         2d4       98%         1
 Shock                    Conj/Air       0%         1d3       98%         1
 Static Discharge         Conj/Air       0%         3-3/arc   99%         2
 Frozen Ramparts          Ice            0%         1d1       100%        3
 Hailstorm                Conj/Ice       0%         3d5       100%        3
 Inner Flame              Hex/Fire       0%         N/A       100%        3
 Stone Arrow              Conj/Erth      0%         3d7       100%        3
 Summon Ice Beast         Ice/Summ       0%         N/A       100%        3
 Swiftness                Air            0%         N/A       100%        3
 Airstrike                Air            0%         2d(0-16)  100%        4
 Brom's Barrelling Bould  Conj/Erth      0%         2d3       100%        4
 Summon Lightning Spire   Summ/Air       0%         N/A       100%        4
 Irradiate                Conj/Alch      0%         3d11      100%        5
 Summon Forest            Summ/Tloc      0%         N/A       100%        5
 Summon Mana Viper        Hex/Summ       0%         N/A       100%        5
 Eringya's Noxious Bog    Alch           0%         4d6       100%        6
 Monstrous Menagerie      Summ           0%         N/A       100%        7
 Summon Hydra             Summ           0%         N/A       100%        7
 Ignition                 Fire           0%         3d3       100%        8


Dungeon Overview and Level Annotations

Branches:
Dungeon (13/15)            Temple (1/1) D:4            Lair (0/5) D:11
    Orc (0/2) D:10          Sewer (visited)
 Vaults: D:13-14

Altars:
Ashenzari
Cheibriados
Dithmenos
Elyvilon
Fedhas
Gozag
Hepliaklqana
Kikubaaqudgha
Makhleb
Nemelex Xobeh
Okawaru
Qazlal
Ru
Sif Muna
Trog
Uskayaw
Vehumet
Wu Jian
Xom
Yredelemnul
Zin
The Shining One

Shops:
D:2 (   D:5 ?   D:7 :*

Portals:
Trove: D:12 (give 4 scrolls of blinking)


Innate Abilities, Weirdness & Mutations

You can wield a second weapon in your off-hand.
It takes a long time for you to wield or remove held weapons.
Your first few attacks do less damage.
You cannot equip rings or amulets.


Message History

You completely miss the very large slime creature with the +10 zealot's sword.
The very large slime creature is severely wounded.
You hit the very large slime creature with your +1 short sword of speed.
A centaur warrior comes into view.
Two slime creatures merge to form a titanic slime creature.
The centaur warrior shouts!
You hit the titanic slime creature with your +1 short sword of speed.
The titanic slime creature is heavily wounded.
You slash the titanic slime creature with the +10 zealot's sword!
You barely miss the titanic slime creature with your +1 short sword of speed.
The titanic slime creature is heavily wounded.
You slash the titanic slime creature with the +10 zealot's sword!
You feel yourself speed up.
You completely miss the titanic slime creature with your +1 short sword of speed.
The titanic slime creature is heavily wounded.
You slash the titanic slime creature with the +10 zealot's sword!
The titanic slime creature misses you.
You slash the titanic slime creature with the +10 zealot's sword!
The titanic slime creature is heavily wounded.
You hit the titanic slime creature with your +1 short sword of speed.
You hit the titanic slime creature with your +1 short sword of speed.
The titanic slime creature is severely wounded.
You slice the titanic slime creature with the +10 zealot's sword!!
The titanic slime creature hits you!!!
You slash the titanic slime creature with the +10 zealot's sword!
The titanic slime creature is severely wounded.
You hit the titanic slime creature but do no damage.
You barely miss the titanic slime creature with the +10 zealot's sword.
The titanic slime creature is severely wounded.
You hit the titanic slime creature with your +1 short sword of speed.
The titanic slime creature closely misses you.
You slash the titanic slime creature with the +10 zealot's sword!
The titanic slime creature is severely wounded.
You completely miss the titanic slime creature with your +1 short sword of speed.
You slice the titanic slime creature with the +10 zealot's sword!!
The titanic slime creature is almost dead.
You hit the titanic slime creature with your +1 short sword of speed.
The titanic slime creature hits you!!!
Ouch! That really hurt!
You die...

# #.# #### .. # #.##...#
. # #....♣ .#. # #....♣
... # #... ♣.♣
########.♣♣ ♣.♣
..........♣♣ ♣.♣ .
###.#####..♣♣♣♣.♣♣♣♣....
#.# #<.....⌠@Jc....# #.#
##..♣♣♣♣.♣♣♣♣..## #.#
##..♣♣♣.♣.♣ #.#
#..♣♣♣.♣♣.♣ #.#
#.....♣♣♣.♣♣ #.#
#.....♣♣...♣♣ #.#
##....♣.....♣.
##...........#
#############


You could see a titanic slime creature and a centaur warrior.

Vanquished Creatures
  Fannar (D:11)
  A great orb of eyes (D:13)
  A centaur warrior (D:11)
  2 boulder beetles (D:12)
  The ghost of Biggs the Skirmisher, a novice CoHu of Okawaru (D:9)
  2 two-headed ogres (D:12)
  Sonja (D:11)
  Joseph (D:9)
  Maurice (D:11)
  A gargoyle (D:12)
  An unseen horror (D:12)
  2 unseen horror zombies (D:9)
  A kobold demonologist (D:9)
  An unseen horror skeleton (D:9)
  A troll (D:10)
  3 shadows
  36 yaks
  A wyvern (D:8)
  2 wraiths
  4 vampires
  Grum (D:8)
  2 steam dragons
  3 vampire mosquitoes (D:11)
  2 acid dragons
  6 water moccasins (D:11)
  3 orc warriors
  A sky beast (D:6)
  3 black bears
  An ogre (D:5)
  3 wolves (D:8)
  2 phantoms
  2 centaurs
  13 kobold brigands
  6 bullfrogs
  5 scorpions
  7 wights
  A wyvern skeleton (D:9)
  4 killer bees (D:10)
  9 howler monkeys
  A centaur zombie (D:9)
  A bombardier beetle (D:6)
  A human zombie (D:9)
  4 orc priests
  5 jellies
  3 iguanas
  Ijyb (D:3)
  Terence (D:2)
  A sleepcap (D:6)
  8 orc wizards
  8 ogre zombies (D:10)
  A howler monkey zombie (D:9)
  5 adders
  A howler monkey skeleton (D:9)
  4 river rats (Sewer)
  3 shadow imps
  3 white imps
  2 dart slugs
  A ribbon worm (D:2)
  40 orcs
  10 ball pythons
  6 bats
  6 endoplasms
  3 giant cockroaches
  11 goblins
  5 hobgoblins
  17 jackals
  34 kobolds
  7 quokkas
  2 frilled lizards (D:1)
  4 gnoll zombies (D:10)
  3 orc skeletons (D:10)
  18 orc zombies (D:10)
  27 rats
385 creatures vanquished.

Notes
Turn   | Place    | Note
-------+----------+-------------------------------------------
     0 | D:1      | testman the Coglin Berserker began the quest for the Orb.
     0 | D:1      | Reached XP level 1. HP: 18/18 MP: 1/1
   164 | D:1      | Reached XP level 2. HP: 15/24 MP: 2/2
   510 | D:1      | Reached XP level 3. HP: 29/29 MP: 3/3
   660 | D:2      | Noticed Terence
   667 | D:2      | HP: 1/29 [Terence/+0 short sword (5)]
   671 | D:2      | Killed Terence
   672 | D:2      | Reached XP level 4. HP: 1/35 MP: 4/4
  1075 | D:2      | Reached ** piety under Trog
  1240 | D:2      | Found Ymoiw's Weapon Emporium.
  1759 | D:3      | Noticed Ijyb
  1782 | D:3      | Killed Ijyb
  1783 | D:3      | Reached XP level 5. HP: 15/42 MP: 5/5
  2661 | D:4      | HP: 1/42 [frozen (5)]
  2742 | D:4      | Found a glowing drain.
  2765 | Sewer    | Entered a sewer
  2839 | Sewer    | Reached *** piety under Trog
  2895 | Sewer    | Noticed a kobold brigand
  2909 | Sewer    | Killed a kobold brigand
  2910 | Sewer    | Reached XP level 6. HP: 37/50 MP: 6/6
  2988 | Sewer    | Reached skill level 5 in Fighting
  2999 | Sewer    | Reached skill level 5 in Long Blades
  3242 | Sewer    | Reached XP level 7. HP: 40/56 MP: 7/7
  3242 | Sewer    | Reached **** piety under Trog
  3690 | D:4      | Found a staircase to the Ecumenical Temple.
  3699 | Temple   | Entered the Ecumenical Temple
  3767 | D:4      | Found a glowing golden altar of the Shining One.
  3980 | D:4      | Found the +10 zealot's sword {holy, Zealotry, *Rage rN+
                  | EV+3}
  4180 | D:5      | Entered Level 5 of the Dungeon
  4190 | D:5      | Found Honet's Magic Scroll Shoppe.
  4217 | D:5      | Bought a scroll of fog for 56 gold pieces
  4217 | D:5      | Bought a scroll of fear for 56 gold pieces
  4217 | D:5      | Bought a scroll of identify for 28 gold pieces
  4225 | D:5      | Reached XP level 8. HP: 52/65 MP: 8/8
  5388 | D:6      | Found a blossoming altar of Fedhas.
  5461 | D:6      | Found a shimmering blue altar of Sif Muna.
  5992 | D:7      | Found a burning altar of Makhleb.
  6078 | D:7      | Reached ***** piety under Trog
  6292 | D:7      | Reached XP level 9. HP: 71/74 MP: 9/9
  6474 | D:7      | Found Yregg's Tremendous Tomes.
  6692 | D:7      | Found Zin's Purification Station.
  6692 | D:7      | Found a glowing silver altar of Zin.
  7161 | D:8      | Noticed Grum
  7164 | D:8      | Received a gift from Trog
  7179 | D:8      | Killed Grum
  7316 | D:8      | Reached skill level 10 in Fighting
  7316 | D:8      | Reached skill level 10 in Long Blades
  7337 | D:8      | Found a transporter.
  7445 | D:8      | Reached XP level 10. HP: 85/85 MP: 10/10
  7716 | D:9      | Found a hazy altar of Hepliaklqana.
  7767 | D:9      | Found a runed translucent gate.
  7767 | D:9      | Noticed a kobold demonologist
  7767 | D:9      | Noticed Biggs's ghost (novice CoHu)
  7768 | D:9      | Found a runed translucent gate.
  7769 | D:9      | Found a runed translucent gate.
  7815 | D:9      | Killed a kobold demonologist
  7827 | D:9      | Killed Biggs's ghost
  8103 | D:9      | Reached skill level 5 in Dodging
  8103 | D:9      | Reached XP level 11. HP: 93/93 MP: 11/11
  8177 | D:9      | Found an ancient bone altar of Kikubaaqudgha.
  8376 | D:9      | Noticed Joseph
  8385 | D:9      | Killed Joseph
  8815 | D:10     | Entered Level 10 of the Dungeon
  8862 | D:10     | Found a staircase to the Orcish Mines.
  9582 | D:10     | Reached ****** piety under Trog
  9885 | D:11     | Noticed Maurice
  9892 | D:11     | Killed Maurice
  9901 | D:11     | Found a staircase to the Lair.
  9907 | D:11     | Reached XP level 12. HP: 103/103 MP: 12/12
  9917 | D:11     | Noticed a centaur warrior
  9937 | D:11     | Killed a centaur warrior
 10014 | D:11     | Noticed Sonja
 10212 | D:11     | Killed Sonja
 10586 | D:11     | Noticed Fannar
 10600 | D:11     | Killed Fannar
 10833 | D:12     | Noticed a boulder beetle
 10837 | D:12     | Received a gift from Trog
 10848 | D:12     | Killed a boulder beetle
 10894 | D:12     | Noticed a boulder beetle
 10911 | D:12     | Killed a boulder beetle
 11023 | D:12     | Noticed a two-headed ogre
 11029 | D:12     | Killed a two-headed ogre
 11187 | D:12     | Noticed a two-headed ogre
 11194 | D:12     | Killed a two-headed ogre
 11370 | D:12     | Found a portal to a secret trove of treasure.
 11690 | D:13     | Noticed a great orb of eyes
 11695 | D:13     | Killed a great orb of eyes
 11732 | D:13     | Noticed a centaur warrior
 11741 | D:13     | Mangled by a titanic slime creature

Illustrated notes

Levels and vault maps discovered:
D:1:      dpeg_arrival_snail, layout_basic
D:2:      layout_basic, serial_shops, shop, uniq_terence
D:3:      kennysheep_goblin_castle, layout_loops_corners
D:4:      layout_gridville, nicolae_tso_carved_into_rock,
          minmay_temple_entry_overgrown, portal_sewer_entry_a
D:5:      layout_loops_corners, serial_aquarium, aquarium_bridge_long_joined
          [aquarium_subvault_wall, aquarium_subvault_wall,
          aquarium_subvault_wall, aquarium_subvault_wall,
          aquarium_subvault_bridge, aquarium_subvault_window],
          aquarium_window_1, aquarium_window_fake, aquarium_window_fake,
          aquarium_window_fake, aquarium_view_2f, aquarium_view_2e,
          aquarium_balcony_1b, aquarium_pool_split, serial_shops,
          nicolae_shop_crystal
D:6:      layout_loops_ring, mainiacjoe_overflow_catch_the_wave
D:7:      layout_layer_cave, mainiacjoe_overflow_catwalk, zin_purify,
          nicolae_shop_i_like_big_books
D:8:      layout_cave_pools, nicolae_diode_basic, uniq_grum
D:9:      layout_roguey, lemuel_mausoleum_altar_kikubaaqudgha,
          lemuel_tele_altar, gammafunk_ghost_nasty_kobolds, uniq_joseph
D:10:     layout_long_grid, zombieorc2_lemuel
D:11:     layout_loops_cross, due_lair_maze_entry_diamond,
          kennysheep_crisscross, uniq_maurice, uniq_fannar, uniq_sonja
D:12:     layout_rooms, nicolae_trove_entry_columns, dk_vineyard_3
D:13:     dreamdust_black_sun_cult, layout_small_grid, kb_rosetta
Temple:   nicolae_temple_bog_church

Skill      XL: |  1  2  3  4  5  6  7  8  9 10 11 12 |
---------------+-------------------------------------+-----
Dodging        | 2 5 7 8 |  8.9
Armour         | 2 3 |  3.0
Fighting       | 4 5 6 8 10 11 12 13 | 13.6
Long Blades    | 4 5 6 8 10 11 12 13 | 13.5

Action                     |  1- 3 |  4- 6 |  7- 9 | 10-12 || total
---------------------------+-------+-------+-------+-------++-------
  Melee: Falchion          |    67 |    57 |       |       ||   124
         Dagger            |    62 |   165 |   164 |   183 ||   574
         Long sword        |       |   115 |    52 |       ||   167
         Eudemon blade     |       |       |   127 |   429 ||   556
         Short sword       |       |       |       |   191 ||   191
  Throw: Dart              |       |       |       |     3 ||     3
 Invoke: Berserk           |     1 |     1 |       |       ||     2
         Trog's Hand       |       |       |       |     3 ||     3
  Evoke: Wand              |       |       |       |     1 ||     1
    Use: Scroll            |       |     7 |     7 |     5 ||    19
         Potion            |       |     2 |       |     1 ||     3
 Armour: Ring mail         |    41 |     2 |       |       ||    43
         Scale mail        |       |   131 |    44 |       ||   175
         Chain mail        |       |       |    62 |   180 ||   242
  Dodge: Dodged            |    47 |    86 |    86 |   140 ||   359

Table legend: (Time is in decaauts)
 A = Elapsed time spent in this place.
 B = Non-inter-level travel time spent in this place.
 C = Inter-level travel time spent in this place.
 D = Time resting spent in this place.
 E = Time spent auto-exploring this place.
 F = Levels seen in this place.
 G = Mean time per level.
                   A        B        C        D        E       F      G
               +--------+--------+--------+--------+--------+-----+--------+
         Total |  12045 |  11563 |    482 |    772 |   8767 |  15 |  803.0 |
       Dungeon |  11252 |  10770 |    482 |    709 |   8258 |  13 |  865.5 |
        Temple |      1 |      1 |      0 |      0 |      0 |   1 |    1.0 |
         Sewer |    791 |    791 |      0 |     63 |    509 |   1 |  791.0 |
               +--------+--------+--------+--------+--------+-----+--------+

Top non-repeatable levels by time:
    D:10: 1310 daAuts
     D:9: 1215 daAuts
     D:3: 1202 daAuts
     D:5: 1078 daAuts
     D:7: 1017 daAuts
     D:2: 816 daAuts
     D:6: 802 daAuts
   Sewer: 791 daAuts
    D:11: 778 daAuts
     D:4: 777 daAuts
    D:12: 708 daAuts
     D:8: 689 daAuts
     D:1: 631 daAuts
    D:13: 225 daAuts
  Temple: 1 daAuts
